 Dungeon Crawl Stone Soup version 0.31-a0-43-g46d131a48f (webtiles) character file.

Game seed: 15397146498444087101

72 holysushi the Cutter (level 4, -3/31 HPs)
             Began as an Octopode Monk on May 19, 2023.
             Was an Initiate of Gozag.
             Slain by an iguana (11 damage)
             ... on level 4 of the Dungeon.
             The game lasted 00:03:07 (1565 turns).

holysushi the Cutter (Octopode Monk)                Turns: 1565, Time: 00:03:08

Health: -3/31      AC:  1    Str: 10    XL:     4   Next: 25%
Magic:  4/4        EV: 14    Int: 12    God:    Gozag
Gold:   143        SH:  0    Dex: 16    Spells: 3/3 levels left

rFire   + . .        g - +1 dagger (speed)
rCold   + . .        c - orb {light}
rNeg    + . .        (helmet restricted)
rPois   +            d - amulet of magic regeneration
rElec   +            h - ring of wizardry
rCorr   +            l - ring of positive energy
SInv    .            (no ring)
Will    .....        (no ring)
Stlth   +            (no ring)
HPRegen 0.25/turn    (no ring)
MPRegen 0.49/turn    (no ring)
                     (no ring)

%: wizardry (x1)
@: brilliant, resistant, gold aura, flying, glowing
A: almost no armour, amphibious, 8 rings, camouflage 1, gelatinous body 1,
(nimble swimmer 1), tentacles
a: Renounce Religion, Potion Petition, Call Merchant, Bribe Branch


You were on level 4 of the Dungeon.
You worshipped Gozag.
Gozag was aware of your devotion.
You visited 1 branch of the dungeon, and saw 4 of its levels.

You collected 209 gold pieces.
You spent 66 gold pieces at shops.

Inventory:

Hand Weapons
 a - a +0 short sword
 g - a +1 dagger of speed (weapon)
Armour
 c - an orb of light (worn)
Jewellery
 d - an amulet of magic regeneration (around mantle)
 h - a ring of wizardry (left tentacle)
 l - a ring of positive energy (right tentacle)
Scrolls
 e - a scroll of enchant armour
 m - a scroll of blinking
Potions
 n - a potion of resistance


   Skills:
 - Level 3.0 Fighting
 + Level 5.0 Short Blades
 - Level 3.0 Dodging


You had 3 spell levels left.
You didn't know any spells.
Your spell library was empty.

Dungeon Overview and Level Annotations

Branches:
Dungeon (4/15) Zot: 22470
 Temple: D:4-7

Altars:
Gozag

Shops:
D:3 *


Innate Abilities, Weirdness & Mutations

You cannot wear most types of armour.
You are amphibious.
You can wear up to eight rings at the same time.
Your skin changes colour to match your surroundings (Stealth+).
Your rubbery body absorbs attacks. (AC +1, EV +1)
((You are camouflaged when in or above water. (Stealth+)))
You have tentacles for arms and can constrict up to eight enemies at once.


Message History

The gnoll is moderately wounded.
You constrict the gnoll, but do no damage.
You hit the gnoll.
The gnoll is heavily wounded.
You constrict the gnoll. The gnoll misses you.
You hit the gnoll.
The gnoll is almost dead.
You constrict the gnoll, but do no damage.
You hit the gnoll but do no damage.
The gnoll is almost dead.
You constrict the gnoll. The gnoll hits you with a +0 club.
* * * LOW HITPOINT WARNING * * *
You hit the gnoll.
You kill the gnoll!
Your Short Blades skill increases to level 5!
You aren't carrying any items that you can evoke.
Unknown command.
Okay, then.
As you read the scroll labelled ZYKECZ LUHORGH, it crumbles to dust.
You feel aware of your surroundings.
You sensed 2 altars.
It was a scroll of magic mapping.
As you read the scroll labelled QECHAFRIEQU, it crumbles to dust.
It is a scroll of amnesia.
You feel forgetful for a moment.
Okay, then.
Okay, then.
You aren't carrying any items that you can evoke.
Unknown command.
Nothing quivered!
Okay, then.
Unknown command.
You now have 143 gold pieces (gained 7).
You see here a +0 club.
Okay, then.
You see here a +0 club.
Okay, then.
Found a dagger.
The iguana attacks as you move away! The iguana bites you!
You die...
Your body crumbles into a pile of gold.

**,*,,,,,,,,,....#.#*#...,,,
*,,,,*******,....l.,,.(..,,,
*,,,** ##,,#....*,.....,,,
*,,** #.,*#.#.#*,.....,,,
*,** #.*##.#.#*......,,,
*,**######.##..<.##......,,,
****)....................,,,
*..........##.........,,,
*,,,,.##@#....##......,,,
*******#.l.####*,.....,,,
##### *,,....,,, ****###***


You could see an iguana.

Vanquished Creatures
  2 gnolls
  2 worms (D:3)
  2 dart slugs
  3 ball pythons
  6 goblins
  5 hobgoblins
  4 jackals (D:1)
  3 kobolds
  4 quokkas
  6 bats
  A frilled lizard (D:3)
38 creatures vanquished.

Notes
Turn   | Place    | Note
-------+----------+-------------------------------------------
     0 | D:1      | holysushi the Octopode Monk began the quest for the Orb.
     0 | D:1      | Reached XP level 1. HP: 16/16 MP: 1/1
    99 | D:1      | Reached XP level 2. HP: 21/21 MP: 2/2
   206 | D:1      | Reached skill level 4 in Short Blades
   206 | D:1      | Reached XP level 3. HP: 10/26 MP: 3/3
  1228 | D:3      | Found an opulent altar of Gozag.
  1255 | D:3      | Became a worshipper of Gozag Ym Sagoz the Greedy
  1426 | D:3      | Found Kolig's Assorted Antiques.
  1438 | D:3      | Reached XP level 4. HP: 31/31 MP: 4/4
  1442 | D:3      | Bought a scroll labelled ENAGAGG KOIGYN for 33 gold pieces
  1442 | D:3      | Bought a scroll labelled FUYSUEZACU for 33 gold pieces
  1500 | D:3      | Paralysed by a goblin for 4 turns
  1519 | D:3      | HP: 1/31 [orc priest/divine providence (11)]
  1554 | D:4      | Reached skill level 5 in Short Blades
  1565 | D:4      | Slain by an iguana

Illustrated notes

Levels and vault maps discovered:
D:1:      dpeg_arrival_windows_large_door, layout_rooms
D:2:      layout_loops_cross
D:3:      layout_loops_ring, grunt_gozag_statues, serial_shops,
          nicolae_shop_peninsula, grunt_ministairs_9
D:4:      layout_rooms, lemuel_round_altar, lemuel_doored_altar, uniq_edmund

Skill      XL: |  1  2  3  4 |
---------------+-------------+-----
Short Blades   | 4 5 |  5.0
Fighting       | |  3.0
Dodging        | |  3.0

Action                     |  1- 3 |  4- 6 || total
---------------------------+-------+-------++-------
  Melee: Short sword       |    36 |       ||    36
         Constrict         |    30 |     2 ||    32
         Tentacles         |    18 |     2 ||    20
         Dagger            |    46 |     9 ||    55
    Use: Scroll            |       |     9 ||     9
         Potion            |       |     4 ||     4
   Stab: Sleeping          |     3 |       ||     3
 Armour: Skin              |     8 |       ||     8
  Dodge: Dodged            |    53 |     9 ||    62

Table legend: (Time is in decaauts)
 A = Elapsed time spent in this place.
 B = Non-inter-level travel time spent in this place.
 C = Inter-level travel time spent in this place.
 D = Time resting spent in this place.
 E = Time spent auto-exploring this place.
 F = Levels seen in this place.
 G = Mean time per level.
                   A        B        C        D        E       F      G
               +--------+--------+--------+--------+--------+-----+--------+
         Total |   1529 |   1488 |     41 |     65 |   1072 |   4 |  382.2 |
       Dungeon |   1529 |   1488 |     41 |     65 |   1072 |   4 |  382.2 |
               +--------+--------+--------+--------+--------+-----+--------+

Top non-repeatable levels by time:
     D:2: 598 daAuts
     D:1: 514 daAuts
     D:3: 387 daAuts
     D:4: 28 daAuts
